 Dungeon Crawl Stone Soup version 0.31-a0-1-g4198be8af4 (webtiles) character file.

Game seed: 15710158020443269707

536877 jasper the Cloud Mage (level 24, -1/190 HPs)
             Began as a Demonspawn Air Elementalist on May 2, 2023.
             Was the Champion of Vehumet.
             Slain by an Orb Guardian (48 damage)
             ... on level 5 of the Realm of Zot.
             The game lasted 02:09:53 (64945 turns).

jasper the Cloud Mage (DsAE)                       Turns: 64945, Time: 02:09:54

Health: -1/190     AC: 27    Str:  9    XL:     24   Next: 61%
Magic:  0/45       EV: 18    Int: 41    God:    Vehumet [******]
Gold:   1771       SH: 18    Dex: 15    Spells: 23/59 levels left

rFire   + + .        s - staff of air
rCold   + . .        T - +5 kite shield {rF+}
rNeg    + + +        h - +7 faerie dragon scales {rN+ rCorr}
rPois   +            R - +5 hat of Resourcefulness {Regen+ Int+2 Dex-3}
rElec   +            (cloak unavailable)
rCorr   +            I - +2 pair of gloves {Dex+3}
SInv    .            C - +2 pair of slick slippers {slick, slippery, EV+4}
Will    +....        H - macabre finger necklace {Finger+ rN+}
Stlth   ++           g - ring of Exkaefry {+Blink rF+ rC+}
HPRegen 1.31/turn    U - ring of the Ancients {rN+ Int+6 Slay+2}
MPRegen 0.58/turn    N - +6 ring of intelligence

%: clarity, guardian spirit
@: about to teleport, marked, slowed, studying Polearms, very slow
A: slimy green scales 3, demonic guardian 3, magic shield, magic regeneration,
corrupting presence 2, word of chaos, weakness stinger 3, clarity, subdued magic
1
}: 3/15 runes: decaying, serpentine, slimy
a: Word of Chaos, Renounce Religion, Evoke Blink


You were on level 5 of the Realm of Zot.
You worshipped Vehumet.
Vehumet was exalted by your worship.
You visited 11 branches of the dungeon, and saw 51 of its levels.
You also visited: Sewer, Gauntlet and Ice Cave.

You collected 6726 gold pieces.
You spent 4955 gold pieces at shops.

Inventory:

Missiles
 y - 4 throwing nets
Armour
 h - the +7 faerie dragon scales (worn) {rN+ rCorr}
   (You took it off the Enchantress on level 4 of the Depths)

   rN:        It protects you from negative energy.
   rCorr:     It protects you from acid and corrosion.
 C - the +2 pair of slick slippers (worn) {slick, slippery, EV+4}
   (You found it on level 3 of the Elven Halls)

   Slick:     Its wearer cannot be constricted, engulfed, netted or webbed.
   Slippery:  Its wearer slips away from damaging melee attacks, pulling the
   attacker onward.
   EV:        It affects your evasion (+4).
 I - a +2 pair of gloves of dexterity (worn)
 R - the +5 hat of Resourcefulness (worn) {Regen+ Int+2 Dex-3}
   (You found it in a Gauntlet)

   Int:       It affects your intelligence (+2).
   Dex:       It affects your dexterity (-3).
   Regen:     It increases your rate of health regeneration.
 T - a +5 kite shield of fire resistance (worn)
Magical Staves
 s - a staff of air (weapon)
Jewellery
 a - a ring of protection from fire
 g - the ring of Exkaefry (left hand) {+Blink rF+ rC+}
   (You bought it in a shop on level 3 of the Snake Pit)

   [ring of protection from fire]

   rF:        It protects you from fire.
   rC:        It protects you from cold.
   +Blink:    It lets you blink.
 i - an amulet of magic regeneration
 D - the ring of Kindness {rF+ Will+}
   (You found it on level 5 of the Pits of Slime)

   [ring of protection from fire]

   rF:        It protects you from fire.
   Will:      It increases your willpower.
 H - the macabre finger necklace (around neck) {Finger+ rN+}
   (You took it off a deep elf sorcerer on level 3 of the Elven Halls)

   [amulet of nothing]

   Finger+:   It enables you to equip an extra ring.
   rN:        It protects you from negative energy.
 N - a +6 ring of intelligence (on amulet)
 U - the ring of the Ancients (right hand) {rN+ Int+6 Slay+2}
   (You took it off a spriggan defender on level 2 of the Depths)

   [ring of intelligence]

   Int:       It affects your intelligence (+6).
   Slay:      It affects your accuracy & damage with ranged weapons and melee
   (+2).
   rN:        It protects you from negative energy.
Wands
 c - a wand of light (22)
 f - a wand of digging (30)
 j - a wand of iceblast (47)
 J - a wand of charming (5)
 O - a wand of mindburst (17)
 P - a wand of flame (96)
Scrolls
 e - 2 scrolls of fear
 k - a scroll of summoning
 l - 6 scrolls of vulnerability
 m - 15 scrolls of teleportation
 n - 6 scrolls of fog
 p - 2 scrolls of enchant armour
 r - 3 scrolls of amnesia
 u - a scroll of enchant weapon
 z - 13 scrolls of immolation
 M - 7 scrolls of poison
 Y - 29 scrolls of identify
Potions
 b - 7 potions of mutation
 d - 14 potions of might
 o - 7 potions of lignification
 q - 2 potions of heal wounds
 x - 3 potions of resistance
 A - 10 potions of haste
 B - 4 potions of berserk rage
 E - 13 potions of curing
 F - 3 potions of cancellation
 L - 4 potions of magic
 Q - 3 potions of flight
 S - 15 potions of ambrosia
 X - 4 potions of brilliance
 Z - 2 potions of invisibility
Miscellaneous
 w - a condenser vane (inert)
 V - a phantom mirror
 W - a box of beasts


   Skills:
 - Level 15.7 Fighting
 - Level 10.0 Staves
 - Level 10.0 Dodging
 - Level 1.7 Stealth
 - Level 15.0 Shields
 - Level 18.1 Spellcasting
 - Level 13.1 Conjurations
 + Level 12.0 Fire Magic
 - Level 24.4 Air Magic
 - Level 6.0 Evocations


You had 23 spell levels left.
You knew the following spells:

 Your Spells              Type           Power      Damage    Failure   Level
c - Swiftness             Air            100%       N/A       0%          3
e - Apportation           Tloc           56%        N/A       1%          1
f - Mephitic Cloud        Conj/Pois/Air  100%       N/A       0%          3
g - Orb of Destruction    Conj           42%        9d12      2%          7
h - Plasma Beam           Fire/Air       60%        2x1d83    1%          6
i - Conjure Ball Lightni  Conj/Air       60%        3x3d22    1%          6
j - Maxwell's Capacitive  Air            67%        ∞         1%          8
k - Blink                 Tloc           56%        N/A       3%          2

Your spell library contained the following spells:

 Spells                   Type           Power      Damage    Failure   Level
 Shock                    Conj/Air       100%       1d9       0%          1
 Poisonous Vapours        Pois/Air       100%       N/A       0%          2
 Scorch                   Fire           100%       2d9       0%          2
 Static Discharge         Conj/Air       100%       2-7/arc   0%          2
 Airstrike                Air            67%        2d(10-26) 0%          4
 Arcjolt                  Conj/Air       60%        1d70      0%          5
 Necrotise                Necr           100%       1d9       1%          1
 Sandblast                Erth           56%        2d13      1%          1
 Slow                     Hex            100%       N/A       1%          1
 Summon Small Mammal      Summ           100%       N/A       1%          1
 Momentum Strike          Conj/Tloc      100%       3d10      1%          2
 Dazzling Flash           Conj/Hex       100%       N/A       1%          3
 Frozen Ramparts          Ice            56%        1d9       1%          3
 Hailstorm                Conj/Ice       63%        3d13      1%          3
 Ignite Poison            Fire/Tmut/Pois 52%        N/A       1%          3
 Inner Flame              Hex/Fire       61%        N/A       1%          3
 Stone Arrow              Conj/Erth      100%       3d13      1%          3
 Vhi's Electric Charge    Tloc/Air       100%       N/A       1%          3
 Volatile Blastmotes      Fire/Tloc      100%       2d18      1%          3
 Iskenderun's Mystic Bla  Conj/Tloc      63%        2d13      1%          4
 Sticky Flame             Conj/Fire      82%        2d9       1%          4
 Freezing Cloud           Conj/Ice/Air   51%        6-21      1%          5
 Silence                  Hex/Air        51%        N/A       1%          5
 Starburst                Conj/Fire      41%        6d12      1%          6
 Ensorcelled Hibernation  Hex/Ice        56%        N/A       3%          2
 Lesser Beckoning         Tloc           56%        N/A       3%          2
 Passwall                 Tmut/Erth      23%        N/A       3%          2
 Sublimation of Blood     Necr           28%        N/A       3%          2
 Wereblood                Tmut           28%        N/A       3%          2
 Call Canine Familiar     Summ           28%        N/A       7%          3
 Confusing Touch          Hex            28%        N/A       7%          3
 Gell's Gravitas          Tloc           28%        N/A       7%          3
 Ozocubu's Armour         Ice            28%        N/A       7%          3
 Summon Guardian Golem    Hex/Summ       28%        N/A       7%          3
 Teleport Other           Tloc           28%        N/A       7%          3
 Tukima's Dance           Hex            28%        N/A       7%          3
 Vampiric Draining        Necr           28%        2d8       7%          3
 Iron Shot                Conj/Erth      31%        9d6       7%          6
 Yara's Violent Unravell  Hex/Tmut       14%        3d7       17%         5
 Anguish                  Hex/Necr       14%        N/A       22%         4
 Animate Armour           Summ/Erth      56%        N/A       22%         4
 Animate Dead             Necr           28%        N/A       22%         4
 Cause Fear               Hex            14%        N/A       22%         4
 Dispel Undead            Necr           28%        3d13      22%         4
 Ice Form                 Ice/Tmut       28%        N/A       22%         4
 Manifold Assault         Tloc           28%        N/A       22%         4
 Passage of Golubria      Tloc           28%        N/A       22%         4
 Summon Ice Beast         Ice/Summ       28%        N/A       22%         4
 Chain Lightning          Conj/Air       60%        3d80      28%         9
 Spellforged Servitor     Conj/Summ      31%        N/A       32%         7
 Agony                    Necr           28%        N/A       54%         5
 Alistair's Intoxication  Tmut/Pois      18%        N/A       54%         5
 Blade Hands              Tmut           14%        N/A       54%         5
 Summon Forest            Summ/Tloc      14%        N/A       54%         5
 Summon Mana Viper        Hex/Summ       28%        N/A       54%         5
 Fire Storm               Conj/Fire      41%        8d10      96%         9
 Death Channel            Necr           14%        N/A       98%         6
 Simulacrum               Ice/Necr       14%        N/A       98%         6
 Ozocubu's Refrigeration  Ice            14%        4d10      99%         7
 Dragon Form              Tmut           14%        N/A       100%        7
 Enfeeble                 Hex            14%        N/A       100%        7
 Monstrous Menagerie      Summ           14%        N/A       100%        7
 Summon Hydra             Summ           14%        N/A       100%        7
 Discord                  Hex            14%        N/A       100%        8
 Disjunction              Tloc           14%        N/A       100%        8
 Dragon's Call            Summ           14%        N/A       100%        9
 Shatter                  Erth           14%        3d14*     100%        9


Dungeon Overview and Level Annotations

Branches:
Dungeon (15/15)            Temple (1/1) D:4            Lair (5/5) D:11
  Swamp (4/4) Lair:2        Snake (4/4) Lair:2        Slime (5/5) Lair:4
    Orc (2/2) D:11            Elf (3/3) Orc:2        Vaults (3/5) D:14
 Depths (4/4) D:15            Zot (5/5) Depths:4      Sewer (visited)
  IceCv (visited)         Gauntlet (visited)
  Crypt: Vaults:2-3

Altars:
Cheibriados
Dithmenos
Fedhas
Gozag
Hepliaklqana
Kikubaaqudgha
Makhleb
Nemelex Xobeh
Okawaru
Ru
Sif Muna
Trog
Uskayaw
Vehumet
Wu Jian
Yredelemnul

Shops:
D:8 !*   D:9 (*   D:11 (*[   D:12 [*   D:13 *   Orc:2 ([[([[=?   Elf:3 :
Snake:2 *   Snake:3 :==   Snake:4 [   Vaults:3 (   Depths:3 *!   Depths:4 [[(*

Portals:
Hell: Depths:1 Depths:2 Depths:3 Depths:4
Abyss: Depths:3
Pandemonium: Depths:2 Depths:3
Ziggurat: Depths:3

Annotations:
D:7 Joseph
D:13 1 runed translucent door, Jynaviopo's ghost, journeyman GrFi
D:14 3 runed translucent doors, NinjaNoafa's ghost, journeyman AtFi
Elf:2 3 runed translucent doors, Azrael
Elf:3 1 exclusion
Vaults:1 1 runed translucent door
Vaults:2 Mennas
Depths:1 2 transporters, crux's ghost, veteran OpTm
Depths:3 4 transporters


Innate Abilities, Weirdness & Mutations

You are completely covered in slimy green scales. (AC +4, rPois)
A powerful demonic guardian rushes to your aid.
When hurt, damage is shared between your health and your magic reserves.
You regenerate magic rapidly.
Your presence sometimes corrodes or deforms those you injure.
You can speak a Word of Chaos.
You have a sharp stinger which inflicts weakening toxins.
You possess an exceptional clarity of mind.
Your spells are a little easier to cast, but a little less powerful.


Message History

The electric golem blinks!
You block the death cob's attack. The Orb Guardian hits you!!
* * * LOW HITPOINT WARNING * * *
A demonic guardian appears!
You slip backwards!
An Orb Guardian comes into view.
The Orb Guardian hits your Hell Sentinel but does no damage.
The moth of wrath goads the Orb Guardian on!
The Orb Guardian goes berserk!
The Orb Guardian barely misses you.
You take 25 damage, and have 19/190 hp.
You now have 5/45 mp.
You feel much better. You block the death cob's attack.
You block the Orb Guardian's attack.
The electric golem hits your Hell Sentinel but does no damage.
The electric golem hits your Hell Sentinel.
The electric golem shocks your Hell Sentinel.
Your Hell Sentinel completely resists.
The electric golem hits your Hell Sentinel but does no damage.
The electric golem hits your Hell Sentinel.
The Orb Guardian hits your Hell Sentinel but does no damage.
The death cob closely misses you.
The Orb Guardian hits your Hell Sentinel!!
The Orb Guardian closely misses you.
The electric golem hits your Hell Sentinel but does no damage.
The electric golem completely misses your Hell Sentinel.
The electric golem hits your Hell Sentinel but does no damage.
The electric golem hits your Hell Sentinel!
Your Hell Sentinel completely misses the electric golem.
Your Hell Sentinel hits the electric golem.
You regained 27 hp, and now have 46/190 hp.
You feel much better. The death cob hits you!!
* * * LOW HITPOINT WARNING * * *
The death cob drains your vigour!
You feel yourself slow down.
You slip backwards!
The Orb Guardian hits your Hell Sentinel but does no damage.
You block the death cob's attack.
The Orb Guardian hits your Hell Sentinel!!
The Orb Guardian hits your Hell Sentinel.
The electric golem hits your Hell Sentinel but does no damage. x3
The electric golem barely misses your Hell Sentinel.
The Orb Guardian hits you!!!
You die...

,,,........## **,,,,,,,
,,..........# ▓▓▓▓▓▓▓▓▓ *,,,,,,,,
,...........▓▓▓.......▓▓*,,,,,,,,
.........p..▓▓.........▓▓,,,,,,,,
.........^..▓.......^...▓.,,,,,,,
...../...^..X.^..y0.........,,,,,
.........§.§▓..yXXX.....▓....,,,,
............▓▓yXz1XX.^.▓▓....,,,,
............▓▓▓.@X9X..▓▓*,...,,,,
............▓ ▓▓▓▓▓▓▓▓▓ *,,..,,,,
...........▓▓ **,,,,,,,
.........▓▓▓ ***,,,,, ......▓▓▓▓
****,, ▓▓▓▓▓▓▓ ***


You could see a Killer Klown, an electric golem (ally target), a death cob, 9
Orb Guardians, 3 moths of wrath and a friendly Hell Sentinel (summoned).

Vanquished Creatures
  Dissolution (Slime:5)
  A dread lich (Zot:5)
  An orb of fire (Zot:5)
  Tiamat (Zot:3)
  An ancient lich (Zot:5)
  2 juggernauts
  Bai Suzhen (Swamp:3)
  Vashnia (Snake:4)
  6 Killer Klowns
  the Lernaean hydra (Swamp:4)
  Xtahua (Vaults:2)
  2 curse toes
  2 caustic shrikes
  12 golden dragons
  the Enchantress (Depths:4)
  2 bone dragons (Depths:4)
  Zenata (Vaults:2)
  2 liches
  13 tentacled monstrosities
  9 Orb Guardians (Zot:5)
  2 electric golems
  2 deep elf blademasters (Elf:3)
  Mlioglotl (Swamp:3)
  7 quicksilver dragons
  3 titans
  Asterion (Depths:1)
  4 deep elf master archers
  28 acid blobs
  3 sphinxes
  7 death cobs
  Gastronok (Lair:2)
  2 tengu reavers (Depths:3)
  A thorn hunter (Swamp:1)
  8 storm dragons
  A shadow dragon (shapeshifter) (D:14)
  5 draconian monks
  5 shadow dragons
  Kirke (Snake:2)
  17 azure jellies
  6 draconian knights
  12 rockslimes
  4 fire giants
  2 fenstrider witches
  6 frost giants
  2 nagarajas (Snake:4)
  7 deep elf sorcerers (Elf:3)
  Aizul (Swamp:3)
  Louise (Depths:3)
  2 draconian stormcallers (Zot:3)
  3 vault wardens
  2 ghost moths
  3 draconian scorchers
  4 deep elf elementalists (Elf:3)
  4 draconian annihilators (Zot:1)
  2 orc warlords
  6 spriggan defenders
  3 ghouls (Swamp:3)
  5 ironbound preservers (Vaults:2)
  3 draconian shifters
  15 quicksilver oozes
  6 eleionomae
  29 very ugly things
  8 stone giants
  6 black draconians
  3 vampire knights
  10 deep elf demonologists
  A minotaur (Gauntlet)
  3 ironbound thunderhulks (Vaults:2)
  4 deep elf annihilators (Elf:3)
  4 green draconians
  3 bunyips
  14 dire elephants
  11 white draconians
  6 yellow draconians
  8 red draconians
  4 purple draconians
  An iron golem (Depths:4)
  6 deep elf death magi
  2 jiangshi (Depths:1)
  A green death (Depths:2)
  9 ettins
  A fire dragon (Depths:4)
  A shambling mangrove (Swamp:4)
  5 yaktaur captains
  5 great orbs of eyes
  3 salamander tyrants
  3 deep elf high priests (Elf:3)
  16 hydras
  2 ghost crabs
  A hell beast (Depths:3)
  4 ice dragons
  11 ironbound frosthearts
  9 spriggan air magi
  An ogre mage (D:15)
  4 boulder beetles
  14 anacondas
  11 centaur warriors
  10 two-headed ogres
  5 deep troll shamans
  11 dancing weapons
  7 deep troll earth magi
  10 alligators
  5 spriggan berserkers
  10 tengu warriors
  11 death yaks
  17 naga warriors
  4 shock serpents
  3 orc high priests (Orc:2)
  2 soul eaters
  2 vampire magi
  16 spriggans
  12 naga sharpshooters
  A shadow wraith (Vaults:2)
  A skyshark (Lair:3)
  17 deep elf knights
  5 iron trolls
  Lodul (D:11)
  2 sun demons
  Amaemon (Lair:1)
  2 salamander mystics
  6 spriggan druids
  7 goliath frogs
  12 sea snakes
  4 glowing orange brains
  21 deep trolls
  2 phantasmal warriors (Depths:4)
  6 naga ritualists
  A swamp dragon (shapeshifter) (D:15)
  11 bog bodies
  17 deep elf archers
  7 lindwurms
  23 deep elf pyromancers
  11 swamp dragons
  3 orc knights
  20 ugly things
  5 harpies (Vaults:1)
  2 necromancers
  9 ironbound convokers
  A wolf spider zombie (D:13)
  Pikel (D:7)
  7 mana vipers
  27 deep elf zephyrmancers
  5 wizards
  3 cyclopes
  3 orc sorcerers
  5 shining eyes
  A manticore (D:11)
  3 oklob plants (D:11)
  14 salamanders
  5 will-o-the-wisps
  2 wolf spiders (Lair:5)
  17 moths of wrath
  67 slime creatures
  10 elephants
  An eye of devastation (shapeshifter) (Elf:2)
  6 vault sentinels
  2 rust devils (Depths:3)
  2 black mambas (shapeshifter)
  30 black mambas
  7 guardian serpents
  A moth of wrath (shapeshifter) (Depths:3)
  A gargoyle (D:12)
  2 smoke demons (Depths:3)
  An ice statue (IceCv)
  18 naga magi
  22 cane toads
  An eye of devastation (Slime:3)
  An orange demon (Lair:1)
  6 spectral spriggans (Swamp:3)
  5 komodo dragons
  A torpor snail (Gauntlet)
  19 yaktaurs
  10 rime drakes
  Maggie (D:10)
  3 freezing wraiths (Swamp:3)
  3 efreet
  3 guardian mummies (D:12)
  A red devil (Depths:2)
  5 tengu conjurers
  5 hellwings
  2 meliai (Lair:4)
  5 polar bears
  6 trolls
  4 bloated husks
  A queen bee (Lair:4)
  11 tyrant leeches
  14 hornets
  9 blink frogs
  7 dream sheep (Lair:3)
  7 air elementals
  A shadow (D:12)
  2 centaur simulacra (D:13)
  Sigmund (D:4)
  6 water elementals
  A vampire (D:13)
  3 hogs (Snake:2)
  11 wyverns
  3 fire elementals
  A basilisk (D:14)
  45 yaks
  3 wraiths
  7 golden eyes
  A steam dragon (shapeshifter) (Depths:3)
  A redback (Lair:5)
  Eustachio (D:5)
  Grum (Lair:1)
  2 steam dragons (D:8)
  4 chaos spawn
  4 neqoxecs
  A golden eye (shapeshifter) (Depths:2)
  4 vampire mosquitoes (Swamp:2)
  2 wargs
  17 swamp worms
  2 acid dragons
  34 nagas
  23 water moccasins
  5 swamp drakes
  A floating eye (Slime:3)
  2 black bears
  34 orc warriors
  A sky beast (shapeshifter) (Elf:2)
  2 ice beasts
  16 ogres
  3 boggarts (Vaults:1)
  7 centaurs
  16 wolves
  3 lemures (D:7)
  A kobold brigand (D:8)
  13 bullfrogs
  3 earth elementals
  3 scorpions
  10 wights
  34 killer bees
  13 howler monkeys
  6 electric eels
  5 hounds
  3 jellies
  18 orc priests
  A gnoll bouda (D:6)
  Ijyb (D:4)
  A sleepcap (D:5)
  3 iguanas
  20 orc wizards
  6 hell rats (Lair:5)
  4 mummies (D:12)
  3 gnolls (D:6)
  A river rat (D:5)
  11 adders
  2 shadow imps
  5 white imps
  An ufetubus (D:4)
  A worm (D:2)
  4 dart slugs
  70 orcs
  3 bats
  4 endoplasms
  10 giant cockroaches
  13 goblins
  3 hobgoblins
  9 jackals
  10 quokkas
  3 training dummies (Elf:2)
  9 ball pythons
  10 frilled lizards
  10 kobolds
  6 rats
1803 creatures vanquished.

Vanquished Creatures (collateral kills)
  the Royal Jelly (Slime:5)
  A curse toe (Zot:4)
  A golden dragon (Zot:2)
  Jorgrun (D:15)
  A tentacled monstrosity (Swamp:3)
  A thorn hunter (Swamp:2)
  An azure jelly (Slime:5)
  A rockslime (Slime:5)
  A deep elf sorcerer (Elf:3)
  2 ironbound preservers
  An ironbound thunderhulk (Vaults:2)
  A black draconian (Zot:1)
  2 hydras
  A centaur warrior (D:14)
  A two-headed ogre (D:11)
  5 death yaks
  A naga warrior (Snake:1)
  2 dancing weapons
  A spriggan berserker (Swamp:4)
  A deep elf knight (Elf:3)
  A spriggan (Swamp:2)
  A sea snake (Snake:2)
  A deep elf pyromancer (D:14)
  A deep elf zephyrmancer (Elf:3)
  An orc knight (D:12)
  A black mamba (Snake:1)
  2 salamanders (Snake:1)
  An elephant (Lair:3)
  An eye of devastation (Slime:1)
  2 rime drakes (IceCv)
  A guardian mummy (D:12)
  An ice devil (Gauntlet)
  A meliai (Lair:4)
  A tyrant leech (Swamp:3)
  A hornet (Swamp:2)
  4 blink frogs
  3 slime creatures (D:12)
  A wyvern (D:9)
  9 yaks
  A swamp worm (Swamp:4)
  3 orc warriors (Orc:2)
  2 centaurs (D:12)
  3 killer bees (Lair:4)
  An orc wizard (D:8)
  A hell rat (Lair:5)
  An adder (D:2)
  A white imp (Gauntlet)
  An orc (Orc:2)
  An endoplasm (D:1)
  A jackal (D:1)
  A ball lightning (Snake:1)
78 creatures vanquished.

Vanquished Creatures (others)
  A dread lich (Zot:1)
  An alligator (Swamp:4)
  A centaur warrior (D:14)
  A cyclops (D:14)
  A spriggan (Swamp:2)
  91 ball lightnings
  A bush (Lair:5)
  24 demonic plants (Gauntlet)
  16 foxfires (Swamp:4)
  52 fungi
  123 plants
312 creatures vanquished.

Grand Total: 2193 creatures vanquished

Notes
Turn   | Place    | Note
-------+----------+-------------------------------------------
     0 | D:1      | jasper the Demonspawn Air Elementalist began the quest for
                  | the Orb.
     0 | D:1      | Reached XP level 1. HP: 13/13 MP: 3/3
   185 | D:1      | Reached skill level 3 in Air Magic
   299 | D:1      | Gained mutation: A weak demonic guardian rushes to your
                  | aid. [demonic ancestry]
   299 | D:1      | Reached XP level 2. HP: 4/19 MP: 1/5
   302 | D:1      | Learned a level 2 spell: Static Discharge
   928 | D:2      | Gained mutation: You are partially covered in slimy green
                  | scales. (AC +2) [demonic ancestry]
   928 | D:2      | Reached XP level 3. HP: 21/24 MP: 1/6
   932 | D:2      | Learned a level 3 spell: Swiftness
  1451 | D:2      | Gained mutation: You are mostly covered in slimy green
                  | scales. (AC +3) [demonic ancestry]
  1451 | D:2      | Reached XP level 4. HP: 30/30 MP: 0/7
  2007 | D:3      | Found a shadowy altar of Dithmenos.
  2279 | D:3      | Reached skill level 4 in Air Magic
  2591 | D:3      | Found a faded altar of an unknown god.
  3022 | D:4      | Found a staircase to the Ecumenical Temple.
  3027 | D:4      | Noticed Ijyb
  3037 | D:4      | Killed Ijyb
  3038 | D:4      | Gained mutation: You regenerate magic rapidly. [demonic
                  | ancestry]
  3038 | D:4      | Reached XP level 5. HP: 26/35 MP: 0/8
  3050 | Temple   | Entered the Ecumenical Temple
  3164 | D:4      | Noticed an ogre
  3177 | D:4      | Killed an ogre
  3178 | D:4      | Reached XP level 6. HP: 41/41 MP: 1/9
  3247 | D:4      | Reached skill level 5 in Air Magic
  3301 | Temple   | Became a worshipper of Vehumet
  3580 | D:4      | Noticed Sigmund
  3583 | D:4      | Killed Sigmund
  3584 | D:4      | Reached skill level 5 in Conjurations
  3584 | D:4      | Gained mutation: When hurt, damage is shared between your
                  | health and your magic reserves. [demonic ancestry]
  3584 | D:4      | Reached XP level 7. HP: 46/46 MP: 10/10
  3704 | D:5      | Entered Level 5 of the Dungeon
  3742 | D:5      | Learned a level 4 spell: Airstrike
  3783 | D:5      | Reached skill level 1 in Evocations
  3860 | D:5      | Found a hide-covered altar of Uskayaw.
  3866 | D:5      | Noticed Eustachio
  3887 | D:5      | Killed Eustachio
  3912 | D:5      | Found a glowing drain.
  3927 | Sewer    | Entered a sewer
  3943 | Sewer    | Reached * piety under Vehumet
  3943 | Sewer    | Offered knowledge of Foxfire by Vehumet.
  4233 | Sewer    | Reached skill level 5 in Evocations
  4235 | Sewer    | Gained mutation: You have a small tail. [demonic ancestry]
  4235 | Sewer    | Reached XP level 8. HP: 43/52 MP: 1/11
  4670 | D:5      | Reached skill level 1 in Fighting
  4684 | D:5      | Found a hazy altar of Hepliaklqana.
  4762 | D:5      | Offered knowledge of Sandblast by Vehumet.
  4763 | D:5      | Reached skill level 1 in Staves
  4836 | D:5      | Reached skill level 6 in Air Magic
  5204 | D:5      | Learned a level 1 spell: Apportation
  5500 | D:6      | Reached ** piety under Vehumet
  6134 | D:7      | Noticed Pikel
  6144 | D:7      | Gained mutation: A demonic guardian rushes to your aid.
                  | [demonic ancestry]
  6144 | D:7      | Reached XP level 9. HP: 55/61 MP: 13/13
  6155 | D:7      | Killed Pikel
  6156 | D:7      | Reached skill level 7 in Air Magic
  6366 | D:7      | Identified the +5 mace of the End of Times {flame, rPois}
  6641 | D:7      | Noticed Joseph
  6835 | D:8      | Noticed a two-headed ogre
  6849 | D:8      | Killed a two-headed ogre
  6850 | D:8      | Reached skill level 8 in Air Magic
  6856 | D:8      | Offered knowledge of Volatile Blastmotes by Vehumet.
  6865 | D:8      | Gained mutation: You have a tail ending in a sharp stinger.
                  | [demonic ancestry]
  6865 | D:8      | Reached XP level 10. HP: 65/71 MP: 14/16
  7047 | D:8      | Found Hoifom's Distillery.
  7056 | D:8      | Bought a potion of curing for 30 gold pieces
  7056 | D:8      | Bought a potion of heal wounds for 50 gold pieces
  7056 | D:8      | Bought a potion of cancellation for 80 gold pieces
  7056 | D:8      | Bought a potion of cancellation for 80 gold pieces
  7056 | D:8      | Bought a potion of lignification for 30 gold pieces
  7056 | D:8      | Bought a potion of lignification for 30 gold pieces
  7164 | D:8      | Found Wyod's Assorted Antiques.
  7181 | D:8      | Bought an encrusted copper ring for 160 gold pieces
  7194 | D:8      | Reached *** piety under Vehumet
  7555 | D:9      | Noticed a two-headed ogre
  7564 | D:9      | Killed a two-headed ogre
  7621 | D:9      | Found Haugilbuesk's Humungous Hoard.
  7707 | D:9      | Reached skill level 5 in Spellcasting
  7714 | D:9      | Reached skill level 5 in Dodging
  7732 | D:9      | Reached skill level 5 in Fighting
  7732 | D:9      | Reached skill level 9 in Air Magic
  7990 | D:9      | Offered knowledge of Dazzling Flash by Vehumet.
  8181 | D:9      | Found Hoxistrig's Antique Weapon Boutique.
  8492 | D:10     | Entered Level 10 of the Dungeon
  8578 | D:10     | Noticed a two-headed ogre
  8593 | D:10     | Killed a two-headed ogre
  8594 | D:10     | Reached skill level 5 in Staves
  8594 | D:10     | Reached XP level 11. HP: 41/80 MP: 9/19
  8759 | D:10     | Noticed Maggie
  8765 | D:10     | Killed Maggie
  9136 | D:10     | Reached **** piety under Vehumet
  9681 | D:11     | Reached skill level 10 in Air Magic
  9688 | D:11     | Offered knowledge of Lee's Rapid Deconstruction by Vehumet.
  9826 | D:11     | Found a staircase to the Orcish Mines.
  9852 | D:11     | Found Isuram's Antique Weapon Shop.
  9868 | D:11     | Noticed an oklob plant
  9868 | D:11     | Noticed an oklob plant
  9941 | D:11     | Found a staircase to the Lair.
  9944 | D:11     | Killed an oklob plant
 10065 | D:11     | Killed an oklob plant
 10121 | D:11     | Noticed an oklob plant
 10192 | D:11     | Killed an oklob plant
 10268 | D:11     | Noticed Lodul
 10311 | D:11     | Killed Lodul
 10375 | D:11     | Noticed a two-headed ogre
 10381 | D:11     | Killed a two-headed ogre
 10410 | D:11     | Found Suamesex's Armour Shop.
 10854 | D:11     | Gained mutation: A powerful demonic guardian rushes to your
                  | aid. [demonic ancestry]
 10854 | D:11     | Reached XP level 12. HP: 89/89 MP: 15/22
 11055 | D:11     | Found Vimo's Assorted Antiques.
 11063 | D:11     | Bought a scroll of teleportation for 87 gold pieces
 11286 | Lair:1   | Entered Level 1 of the Lair of Beasts
 11289 | Lair:1   | Reached skill level 11 in Air Magic
 11332 | Lair:1   | Found a gate leading to a gauntlet.
 11440 | Gauntlet | Entered a Gauntlet
 11440 | Gauntlet | Found a transporter.
 11440 | Gauntlet | Found a transporter.
 11440 | Gauntlet | Found a transporter.
 11441 | Gauntlet | Found a transporter.
 11444 | Gauntlet | Found a transporter.
 11446 | Gauntlet | Found a transporter.
 11448 | Gauntlet | Noticed a death scarab
 11454 | Gauntlet | Found a transporter.
 11458 | Gauntlet | Found a transporter.
 11460 | Gauntlet | Found a large runed translucent door.
 11461 | Gauntlet | Found a large runed translucent door.
 11462 | Gauntlet | Found a large runed translucent door.
 11462 | Gauntlet | Found a large runed translucent door.
 11462 | Gauntlet | Found a runed translucent door.
 11462 | Gauntlet | Found a runed translucent door.
 11463 | Gauntlet | Found a large runed translucent door.
 11463 | Gauntlet | Found a large runed translucent door.
 11463 | Gauntlet | Found a large runed translucent door.
 11463 | Gauntlet | Found a large runed translucent door.
 11464 | Gauntlet | Found a large runed translucent door.
 11464 | Gauntlet | Found a large runed translucent door.
 11465 | Gauntlet | Found a large runed translucent door.
 11465 | Gauntlet | Found a large runed translucent door.
 11466 | Gauntlet | Found a runed translucent gate.
 11466 | Gauntlet | Found a runed translucent gate.
 11466 | Gauntlet | Found a runed translucent gate.
 11467 | Gauntlet | Noticed a seven-headed hydra
 11468 | Gauntlet | Found a transporter.
 11479 | Gauntlet | Found a large runed translucent door.
 11480 | Gauntlet | Found a large runed translucent door.
 11489 | Gauntlet | Found a large runed translucent door.
 11489 | Gauntlet | Found a large runed translucent door.
 11569 | Gauntlet | Found a transporter.
 11573 | Gauntlet | Found a transporter.
 11583 | Gauntlet | Found a transporter.
 11737 | Gauntlet | Identified the +7 hand axe "Get Wypn" {heavy, rC+ rCorr}
 11758 | Gauntlet | Reached ***** piety under Vehumet
 11794 | Gauntlet | Offered knowledge of Iskenderun's Mystic Blast by Vehumet.
 11854 | Gauntlet | Killed a seven-headed hydra
 11929 | Gauntlet | Identified the +5 hat of Resourcefulness {Regen+ Int+2
                  | Dex-3}
 11953 | Gauntlet | Noticed a minotaur
 11973 | Gauntlet | Killed a minotaur
 11994 | Gauntlet | Got the Elucidation of the Nocuous Pyre
 11999 | Gauntlet | Identified the +1 pair of boots of Wariness {Rampage rF++
                  | Str-4 Int-5}
 12177 | Lair:1   | Noticed Grum
 12183 | Lair:1   | Killed Grum
 12260 | Lair:1   | Learned a level 3 spell: Mephitic Cloud
 12826 | Lair:1   | Noticed Amaemon
 12831 | Lair:1   | Killed Amaemon
 13177 | Lair:2   | Noticed Gastronok
 13223 | Lair:2   | Killed Gastronok
 13224 | Lair:2   | Reached skill level 12 in Air Magic
 13561 | Lair:2   | Gained mutation: You have a sharp stinger which inflicts
                  | weakening toxins. [demonic ancestry]
 13561 | Lair:2   | Reached XP level 13. HP: 98/98 MP: 24/24
 13769 | Lair:2   | Found a staircase to the Swamp.
 13881 | Lair:2   | Found a staircase to the Snake Pit.
 15498 | Lair:4   | Reached skill level 13 in Air Magic
 15502 | Lair:4   | HP: 5/100 [meliai/+0 hand axe (9)]
 15841 | Lair:5   | Entered Level 5 of the Lair of Beasts
 16120 | Orc:1    | Entered Level 1 of the Orcish Mines
 16662 | Orc:2    | Entered Level 2 of the Orcish Mines
 16662 | Orc:2    | Found a staircase to the Elven Halls.
 16762 | Orc:2    | Found Inuecoal's Armour Shop.
 16790 | Orc:2    | Found a frozen archway.
 16836 | IceCv    | Entered an ice cave
 16921 | IceCv    | Reached XP level 14. HP: 79/108 MP: 10/26
 17317 | IceCv    | Noticed a frost giant
 17344 | IceCv    | Killed a frost giant
 17416 | IceCv    | Offered knowledge of Orb of Destruction by Vehumet.
 17425 | IceCv    | Learned a level 7 spell: Orb of Destruction
 18056 | Orc:2    | Found Geum's Armour Shop.
 18072 | Orc:2    | Bought a +2 buckler for 231 gold pieces
 18096 | Orc:2    | Found Fuoroa's Weapon Shop.
 18189 | Orc:2    | Found Siotogh's Armour Boutique.
 18304 | Orc:2    | Found Loawigg's Jewellery Shop.
 18312 | Orc:2    | Bought the ring "Bipta" {rPois rC- Int+6 Dex+4 Slay+2} for
                  | 798 gold pieces
 18332 | Orc:2    | Found Kamyvud's Magic Scroll Emporium.
 18493 | Orc:2    | Noticed an orc warlord
 18509 | Orc:2    | Killed an orc warlord
 18812 | Orc:2    | Found Guazal's Antique Armour Shop.
 18814 | Orc:2    | Found Cedas's Antique Weapon Boutique.
 18821 | Orc:2    | Bought a pair of transparent boots for 275 gold pieces
 18821 | Orc:2    | Identified the +3 pair of boots "Afean" {Str+5 Dex-2} (You
                  | bought it in a shop on level 2 of the Orcish Mines)
 18914 | Orc:2    | Found Voet's Magic Scroll Boutique.
 18925 | Orc:2    | Bought a scroll of enchant armour for 135 gold pieces
 18925 | Orc:2    | Bought a scroll of enchant armour for 135 gold pieces
 18925 | Orc:2    | Bought a scroll of blinking for 135 gold pieces
 19012 | Orc:2    | Reached ****** piety under Vehumet
 19371 | D:12     | Found Ruihay's Demolitions Depot.
 19419 | D:12     | Noticed a reaper
 19419 | D:12     | Noticed a reaper
 19419 | D:12     | Noticed a reaper
 19419 | D:12     | Noticed a reaper
 19424 | D:12     | Noticed a reaper
 19660 | D:12     | Found Feuphu's Armour Shoppe.
 19921 | D:12     | Reached skill level 10 in Conjurations
 20335 | D:12     | You fall into a shaft and drop 1 floor!
 20898 | D:13     | Offered knowledge of Yara's Violent Unravelling by Vehumet.
 20989 | D:13     | Found Reutefau's Serpentskin Sales.
 21697 | D:13     | Found a runed translucent door.
 21700 | D:13     | Noticed Jynaviopo's ghost (journeyman GrFi)
 22070 | D:14     | Reached XP level 15. HP: 111/114 MP: 15/28
 22497 | D:14     | Reached skill level 1 in Shields
 22579 | D:14     | Found a runed translucent gate.
 22579 | D:14     | Found a runed translucent gate.
 22579 | D:14     | Found a runed translucent gate.
 22580 | D:14     | Noticed NinjaNoafa's ghost (journeyman AtFi)
 22697 | D:14     | Noticed an azure jelly
 22942 | Lair:4   | Found a staircase to the Slime Pits.
 24537 | Lair:5   | Offered knowledge of Plasma Beam by Vehumet.
 24609 | Lair:5   | Identified the +1 quarterstaff of Hatred {heavy, Dex+3}
 24722 | Lair:5   | Reached skill level 10 in Fighting
 24880 | Lair:5   | Reached skill level 14 in Air Magic
 25005 | Lair:5   | Learned a level 6 spell: Plasma Beam
 25027 | Lair:5   | Reached skill level 1 in Fire Magic
 25702 | Orc:2    | Bought an amulet of magic regeneration for 420 gold pieces
 26341 | D:14     | Found a gate to the Vaults.
 26526 | D:14     | Noticed a shadow dragon
 26535 | D:14     | Killed a shadow dragon
 26630 | D:15     | Entered Level 15 of the Dungeon
 26742 | D:15     | Reached skill level 5 in Fire Magic
 26884 | D:15     | Noticed Jorgrun
 26905 | D:15     | Killed Jorgrun
 26953 | D:15     | Found a staircase to the Depths.
 27192 | D:15     | Reached XP level 16. HP: 122/122 MP: 10/29
 27704 | D:15     | Found a shimmering blue altar of Sif Muna.
 27878 | D:15     | Identified the +4 dagger "Xeanecs" {distort, Will++ Str+5}
 28088 | Swamp:1  | Entered Level 1 of the Swamp
 28193 | Swamp:1  | Noticed a thorn hunter
 28196 | Swamp:1  | Killed a thorn hunter
 28448 | Swamp:1  | Identified the +8 dagger of Exquisite Death {flame, rN++
                  | Dex+4}
 28901 | Swamp:2  | Offered knowledge of Spellforged Servitor by Vehumet.
 28905 | Swamp:2  | Noticed a thorn hunter
 29463 | Swamp:2  | Killed a thorn hunter
 29599 | Swamp:2  | Reached skill level 10 in Spellcasting
 30087 | Swamp:3  | Noticed Bai Suzhen
 30311 | Swamp:3  | Reached skill level 10 in Dodging
 30621 | Swamp:3  | Killed Bai Suzhen
 30830 | Swamp:3  | Noticed a tentacled monstrosity
 30834 | Swamp:3  | Killed a tentacled monstrosity
 30909 | Swamp:3  | Reached skill level 10 in Staves
 31169 | Swamp:3  | Noticed Aizul
 31183 | Swamp:3  | Killed Aizul
 31429 | Swamp:3  | Noticed Mlioglotl
 31576 | Swamp:3  | Killed Mlioglotl
 31636 | Swamp:3  | Gained mutation: Your presence sometimes corrodes those you
                  | injure. [demonic ancestry]
 31636 | Swamp:3  | Reached XP level 17. HP: 130/130 MP: 24/32
 31971 | Swamp:4  | Entered Level 4 of the Swamp
 31985 | Swamp:4  | Reached skill level 15 in Air Magic
 32270 | Swamp:4  | Offered knowledge of Conjure Ball Lightning by Vehumet.
 32290 | Swamp:3  | Learned a level 6 spell: Conjure Ball Lightning
 32844 | Swamp:4  | Noticed the 27-headed Lernaean hydra
 32848 | Swamp:4  | Killed the 27-headed Lernaean hydra
 33053 | Swamp:4  | Got a decaying rune of Zot
 33490 | Snake:1  | Entered Level 1 of the Snake Pit
 33773 | Snake:1  | Reached skill level 16 in Air Magic
 34897 | Snake:2  | Offered knowledge of Ignition by Vehumet.
 35011 | Snake:1  | HP: 6/130 [constriction (4)]
 35280 | Elf:1    | Entered Level 1 of the Elven Halls
 35540 | Elf:1    | Reached skill level 10 in Fire Magic
 35626 | Elf:1    | Gained mutation: Your presence sometimes corrodes or
                  | deforms those you injure. [demonic ancestry]
 35626 | Elf:1    | Reached XP level 18. HP: 113/136 MP: 16/34
 35690 | Elf:1    | Paralysed by an air elemental for 1 turns
 35873 | Elf:1    | Paralysed by an air elemental for 1 turns
 35875 | Elf:1    | Paralysed by an air elemental for 1 turns
 35973 | Elf:1    | Reached skill level 17 in Air Magic
 36432 | Elf:1    | Paralysed by an air elemental for 1 turns
 36483 | Elf:1    | Identified the ring of Seawkut {EV+5 Int+4}
 36662 | Elf:2    | Noticed Azrael
 36674 | Elf:2    | Paralysed by an air elemental for 1 turns
 36706 | Elf:2    | Paralysed by an air elemental for 1 turns
 36724 | Elf:2    | Paralysed by an air elemental for 1 turns
 36802 | Elf:2    | Offered knowledge of Fire Storm by Vehumet.
 36802 | Elf:2    | Offered knowledge of Chain Lightning by Vehumet.
 36802 | Elf:2    | Offered knowledge of Maxwell's Capacitive Coupling by
                  | Vehumet.
 36976 | Elf:2    | Found a runed translucent gate.
 36976 | Elf:2    | Found a runed translucent gate.
 36977 | Elf:2    | Found a runed translucent gate.
 37440 | Elf:3    | Entered Level 3 of the Elven Halls
 37510 | Elf:3    | Found a radiant altar of Vehumet.
 37617 | Elf:3    | Found Deheiqee's Book Boutique.
 37634 | Elf:3    | Learned a level 8 spell: Maxwell's Capacitive Coupling
 38448 | Elf:3    | Reached skill level 18 in Air Magic
 38597 | Elf:3    | Identified the +1 chain mail of Cheibriados's Envy {Dex+4}
 38798 | Elf:3    | Identified the +0 great sword of Ymeladwu {pain, rF- Will+
                  | Str+3 Int+3}
 38798 | Elf:3    | Identified the ring "Vepny" {Drain rElec Str+3 Dex+2
                  | Slay+4}
 38960 | Elf:3    | Identified the staff of earth "Plog" {rCorr}
 38964 | Elf:3    | Identified the staff of death "Cailuqa" {rN+ Dex+3}
 39102 | Elf:3    | Reached XP level 19. HP: 142/142 MP: 34/36
 39177 | Elf:3    | Reached skill level 19 in Air Magic
 39249 | Elf:3    | Identified the +9 shortbow "Inefustro" {freeze, rPois rF++
                  | Int+5}
 39270 | Elf:3    | Found the +2 pair of slick slippers {slick, slippery, EV+4}
 39285 | Elf:3    | Identified the +1 pair of gloves "Vitev" {Str+2}
 39285 | Elf:3    | Identified the staff of death "Vemih" {rN+ Int+2}
 39300 | Elf:3    | Got the Grimoire of Charms
 39397 | Elf:3    | Found the +2 hat of the Bear Spirit {Spirit, Bear, *Rage
                  | Will++}
 39492 | Elf:3    | Got Idaxt's Textbook on Allies
 40099 | Snake:2  | Noticed Kirke
 40100 | Snake:2  | Killed Kirke
 40155 | Snake:2  | Found Nesaxom's Mayhem Merchandise.
 41233 | Snake:3  | Found Aruampi's Jewellery Shoppe.
 41234 | Snake:3  | Found Noenelao's Book Boutique.
 41235 | Snake:3  | Found Sesack's Jewellery Shoppe.
 41245 | Snake:3  | Bought the ring of Exkaefry {+Blink rF+ rC+} for 690 gold
                  | pieces
 41255 | Snake:3  | Bought a book of Spatial Translocations for 234 gold pieces
 41258 | Snake:3  | Learned a level 2 spell: Blink
 41265 | Snake:3  | Bought a +6 ring of intelligence for 648 gold pieces
 41538 | Snake:4  | Entered Level 4 of the Snake Pit
 41884 | Snake:4  | Reached skill level 20 in Air Magic
 42347 | Snake:4  | Noticed Vashnia
 42352 | Snake:4  | Reached skill level 15 in Spellcasting
 42430 | Snake:4  | Killed Vashnia
 42522 | Snake:4  | Found Nuum's Armour Shoppe.
 42687 | Snake:4  | Reached skill level 5 in Shields
 43013 | Snake:4  | Got a serpentine rune of Zot
 43554 | Vaults:1 | Entered Level 1 of the Vaults
 43628 | Vaults:1 | Reached XP level 20. HP: 149/149 MP: 5/39
 44764 | Vaults:1 | Found a runed translucent door.
 45478 | Vaults:2 | Paralysed by a sphinx for 5 turns
 45651 | Vaults:2 | Reached skill level 10 in Shields
 46137 | Vaults:2 | Noticed Xtahua
 46139 | Vaults:2 | Killed Xtahua
 46412 | Vaults:2 | Noticed Zenata
 46418 | Vaults:2 | Killed Zenata
 47153 | Vaults:3 | Found Moyvuin's Weapon Boutique.
 47154 | Vaults:3 | Noticed Mennas
 47327 | Depths:1 | Entered Level 1 of the Depths
 47527 | Depths:1 | Found a blossoming altar of Fedhas.
 47621 | Depths:1 | Noticed a juggernaut
 47624 | Depths:1 | Noticed Asterion
 47626 | Depths:1 | Killed a juggernaut
 47642 | Depths:1 | Killed Asterion
 47777 | Depths:1 | Gained mutation: You are completely covered in slimy green
                  | scales. (AC +4, rPois) [demonic ancestry]
 47777 | Depths:1 | Reached XP level 21. HP: 155/155 MP: 23/40
 48025 | Depths:1 | Got the Exposition on Firn
 48155 | Depths:1 | Found a gateway to Hell.
 48276 | Depths:1 | Identified the +10 great mace of Moapnaole {freeze, +Blink
                  | Will+}
 48276 | Depths:1 | Identified the +3 giant club of Causality {heavy, Int+3}
 48277 | Depths:1 | Found a transporter.
 48327 | Depths:1 | Noticed crux's ghost (veteran OpTm)
 48339 | Depths:1 | Found a transporter.
 48932 | Depths:2 | Reached skill level 15 in Shields
 48937 | Depths:2 | Noticed a caustic shrike
 48941 | Depths:2 | Killed a caustic shrike
 49217 | Depths:2 | Found a one-way gate leading to the halls of Pandemonium.
 49376 | Depths:2 | Noticed a juggernaut
 49380 | Depths:2 | Killed a juggernaut
 49539 | Depths:2 | Noticed a golden dragon
 49569 | Depths:2 | Killed a golden dragon
 49885 | Depths:2 | Identified the ring of the Ancients {rN+ Int+6 Slay+2}
 49895 | Depths:2 | Identified the amulet of Oenomania {Reflect rN+ Dex+3 SH+5}
 49901 | Depths:2 | Identified the +10 short sword "Qaimet" {elec, Str+4}
 50710 | Depths:3 | Found a one-way gateway to a ziggurat.
 50795 | Depths:3 | Found a transporter.
 50811 | Depths:3 | Found a transporter.
 50940 | Depths:3 | Found Gejyledd's Distillery.
 50955 | Depths:3 | Found a transporter.
 50959 | Depths:3 | Bought 2 potions of curing for 72 gold pieces
 50959 | Depths:3 | Bought a potion of haste for 120 gold pieces
 50959 | Depths:3 | Bought a potion of heal wounds for 60 gold pieces
 50976 | Depths:3 | Reached skill level 21 in Air Magic
 51039 | Depths:3 | Found Uzisol's Assorted Antiques.
 51047 | Depths:3 | Bought a scroll labelled URUAQO CUVVOMU for 43 gold pieces
 51047 | Depths:3 | Bought a scroll of blinking for 322 gold pieces
 51047 | Depths:3 | Acquired 365 gold pieces
 51078 | Depths:3 | Noticed a caustic shrike
 51084 | Depths:3 | Killed a caustic shrike
 51157 | Depths:3 | Identified the ring of Surprise {rElec rF- rC+ Dex+7
                  | Slay+5}
 51160 | Depths:3 | Got Lunumyca's Disquisition on the Volatile Evil Eye
 51280 | Depths:3 | Noticed Louise
 51281 | Depths:3 | Killed Louise
 51340 | Depths:3 | Found a one-way gate to the infinite horrors of the Abyss.
 51366 | Depths:3 | Found a bloodstained altar of Trog.
 51759 | Depths:3 | Found a transporter.
 51987 | Depths:4 | Entered Level 4 of the Depths
 51992 | Depths:4 | Reached XP level 22. HP: 116/165 MP: 22/41
 52207 | Depths:4 | Found a sacrificial altar of Ru.
 52265 | Depths:4 | Noticed the Enchantress
 52269 | Depths:4 | Killed the Enchantress
 52671 | Depths:4 | Found Jitt's Antique Weapon Emporium.
 52673 | Depths:4 | Found Geasy's General Store.
 52673 | Depths:4 | Found Ytuster's Armour Shoppe.
 52679 | Depths:4 | Found Uhesmeorgh's Armour Shoppe.
 52682 | Depths:4 | Bought a scroll of enchant armour for 90 gold pieces
 52932 | Depths:4 | Found a snail-covered altar of Cheibriados.
 53308 | Depths:4 | Noticed a golden dragon
 53321 | Depths:4 | Killed a golden dragon
 53515 | Depths:4 | Found a gate to the Realm of Zot.
 53866 | Slime:1  | Entered Level 1 of the Pits of Slime
 54019 | Slime:1  | Reached skill level 22 in Air Magic
 54351 | Slime:3  | Gained mutation: You possess an exceptional clarity of
                  | mind. [a shining eye]
 54899 | Slime:5  | Entered Level 5 of the Pits of Slime
 54994 | Slime:5  | Noticed the Royal Jelly
 55251 | Slime:5  | Killed the Royal Jelly
 55252 | Slime:5  | Reached XP level 23. HP: 63/177 MP: 9/43
 55266 | Slime:5  | Noticed Dissolution
 55321 | Slime:5  | Killed Dissolution
 55759 | Slime:5  | Got the Grimoire of Transposition and the Tundra
 55778 | Slime:5  | Identified the +2 morningstar "Qoepp" {flame, rElec rN+
                  | Str+3 Int+2}
 55780 | Slime:5  | Found the +3 pair of seven-league boots {Rampage+∞}
 55791 | Slime:5  | Identified the staff of air "Xyokomog" {rElec rF+ MP-9
                  | Str+3 Dex+5}
 55834 | Slime:5  | Got a slimy rune of Zot
 55836 | Slime:5  | Got Isovu's Precepts of Sepulchral Sculpting
 55840 | Slime:5  | Identified the ring of Kindness {rF+ Will+}
 56227 | Zot:1    | Entered Level 1 of the Realm of Zot
 56345 | Zot:1    | Identified the +10 hand axe of Sunlight {heavy, Will+
                  | Str+4}
 56722 | Zot:1    | Reached skill level 23 in Air Magic
 56726 | Zot:1    | Noticed a curse toe
 56802 | Zot:1    | Noticed a Killer Klown
 56849 | Zot:1    | Noticed a Killer Klown
 56851 | Zot:1    | Killed a Killer Klown
 56877 | Zot:1    | Noticed a Killer Klown
 56884 | Zot:1    | Noticed a Killer Klown
 56930 | Zot:1    | Noticed a dread lich
 56963 | Zot:1    | Paralysed by something for 5 turns
 56966 | Zot:1    | Killed a dread lich
 57137 | Zot:1    | Killed a curse toe
 57175 | Zot:1    | Killed a Killer Klown
 57392 | Zot:1    | Killed a Killer Klown
 57531 | Zot:1    | Identified the +4 hand axe "Demonbane" {drain, rF++}
 57547 | Zot:1    | Killed a Killer Klown
 59735 | Zot:3    | Reached skill level 15 in Fighting
 60338 | Zot:3    | Found the +4 dragonskin cloak
 60338 | Zot:3    | Noticed Tiamat
 60343 | Zot:3    | Killed Tiamat
 60456 | Zot:3    | Gained mutation: You can speak a Word of Chaos. [demonic
                  | ancestry]
 60456 | Zot:3    | Reached XP level 24. HP: 189/189 MP: 30/44
 60460 | Zot:3    | Reached skill level 24 in Air Magic
 61877 | Zot:4    | Noticed a Killer Klown
 61879 | Zot:4    | Killed a Killer Klown
 62440 | Zot:5    | Entered Level 5 of the Realm of Zot
 62980 | Zot:5    | Identified the +2 quarterstaff "Litulim" {heavy, rF+ Str+3
                  | Stlth+}
 63316 | Zot:5    | Noticed a dread lich
 63322 | Zot:5    | Noticed an ancient lich
 63325 | Zot:5    | Killed a dread lich
 63329 | Zot:5    | Killed an ancient lich
 63882 | Zot:5    | Noticed an orb of fire
 63886 | Zot:5    | Killed an orb of fire
 64683 | Zot:5    | Noticed a Killer Klown
 64685 | Zot:5    | Killed a Killer Klown
 64905 | Zot:5    | Noticed a Killer Klown
 64905 | Zot:5    | Noticed an orb of fire
 64905 | Zot:5    | Noticed an orb of fire
 64905 | Zot:5    | Noticed an ancient lich
 64908 | Zot:5    | Noticed an orb of fire
 64909 | Zot:5    | Noticed an orb of fire
 64910 | Zot:5    | Gained mutation: Your spells are a little easier to cast,
                  | but a little less powerful. [an orb of fire]
 64945 | Zot:5    | Slain by an Orb Guardian

Illustrated notes

Levels and vault maps discovered:
D:1:      elethiomel_arrival_quiet, layout_rooms, serial_park_tiny_1
D:2:      layout_loops_cross
D:3:      layout_rooms, nicolae_dithmenos_shadow_blocks,
          shapermc_ecumenical_altar_petra
D:4:      layout_basic, temple_pool_b, minmay_crystal_room, serial_park_tiny_1,
          minmay_fractal_squares_diagonal_5, uniq_ijyb, uniq_sigmund
D:5:      layout_basic, nicolae_uskayaw_dance_hall,
          worldfamousw_hep_ancestral_shrine, portal_sewer_entry_a,
          bh_walls_and_bars, uniq_eustachio
D:6:      layout_basic, minmay_misc_feat_doors, kennysheep_generic_room_3
D:7:      layout_loops_ring, nicolae_qazlal_eye_of_the_storm,
          gammafunk_temple_overflow_wave, grunt_ministairs_12,
          hangedman_abyss_or_decor_stabs, uniq_pikel, uniq_joseph
D:8:      layout_rooms, serial_shops, nicolae_shop_stone, nicolae_lakefront_shop
D:9:      layout_irregular_city, serial_shops, shop, minivault_23,
          nicolae_alphabet_shops
D:10:     layout_basic, mainiacjoe_overflow_chevrons, uniq_maggie
D:11:     layout_long_grid, dpeg_oklobed_lair, erik_orc_3, serial_shops,
          nicolae_diamond_shop, shop, nicolae_shop_hallway_plus, uniq_lodul
D:12:     layout_stronghold, serial_shops, nicolae_shop_pleasant_corner_grove,
          nicolae_blasting_shop, minmay_guarded_unrand_curses
D:13:     layout_basic, ebering_ghost_reflecting_pool, guppyfry_shop_venom
D:14:     layout_loops_ring, skrybe_vaults_entry_preservation,
          ebering_ghost_rock_garden, grunt_decor_resistance
D:15:     hangedman_depths_entry_civil_slaughter, layout_layer_cave,
          kennysheep_flooded_box, minmay_misc_feat_rugged,
          nicolae_sif_muna_condensation, uniq_jorgrun
Temple:   minmay_freezing_vapour_temple
Lair:1:   layout_cave_pods, gauntlet_entry_generic, grunt_megastairs_1,
          lemuel_fruit_tree, uniq_grum, uniq_amaemon
Lair:2:   layout_roguey, swamp_mist, nicolae_snake_entry_squirm, uniq_gastronok
Lair:3:   layout_gridlike, minivault_19
Lair:4:   layout_gridlike, slime_entry_1, special_room [special_room_bee],
          infiniplex_staircase_pool_2
Lair:5:   hangedman_lair_tendril_chambers, layout_layer_cave
Swamp:1:  layout_basic_swamp, evilmike_swamp_ruin_house_5,
          nicolae_swamp_trees_clearing
Swamp:2:  layout_falls_marsh, evilmike_swamp_ruin_rubble_2, swamp_pool1
Swamp:3:  nicolae_swamp_flooded_prison, layout_basic_swamp,
          nicolae_swamp_little_tower, swamp_pool3, nicolae_swamp_vermiculated,
          uniq_aizul, uniq_bai_suzhen, uniq_mlioglotl
Swamp:4:  swamp_old_school, layout_basic_swamp, swamp_pool1
Snake:1:  layout_chambers
Snake:2:  layout_onion_interference, serial_bayou, serial_bayou_crossing,
          serial_bayou_pond_a, serial_bayou_pond_c, serial_bayou_lagoon_b,
          special_room, minmay_shop_mayhem, serial_bayou_shore_b, uniq_kirke
Snake:3:  layout_onion, nicolae_snake_gridmaze_entwining, minmay_shop_grove
Snake:4:  grunt_snake_rune_serpentine_throne, layout_basic, serial_shops,
          nicolae_shop_scrapyard, serial_curves, eino_curves_03, eino_curves_01,
          hangedman_snake_pattern, uniq_vashnia
Slime:1:  layout_caves, special_room [special_room_jelly],
          nicolae_slime_phagocytosis
Slime:2:  layout_caves
Slime:3:  layout_caves
Slime:4:  layout_caves, nicolae_slime_rock_hall_of_fame
Slime:5:  uniq_dissolution
Orc:1:    layout_diamond_mine, nicolae_orc_crystal_geode
Orc:2:    grunt_orc_community_town_hall, layout_diamond_mine,
          grunt_orc_community_big_house_1, grunt_orc_community_big_house_1,
          grunt_orc_community_house_3, grunt_orc_community_house_1,
          grunt_orc_community_house_1, grunt_orc_community_house_3,
          serial_shops, nicolae_shop_rolling_square, shop_statue,
          nicolae_shop_gaudy_bauble, nicolae_shop_tiny_waterfront,
          nicolae_shop_tiny_waterfront, portal_ice_cave_entry_pillars_2,
          basic_altar
Elf:1:    layout_rooms, hangedman_elven_crosses_minicolossus
Elf:2:    elven_hall_of_blades_hangedman_original
          [infiniplex_blade_entry_pillars], layout_geoelf_octagon,
          nicolae_elf_archery_training, uniq_saint_roka, uniq_azrael
Elf:3:    nooodl_elf_gasket, layout_geoelf_grid, serial_shops,
          nicolae_shop_tiny_waterfront, lemuel_statue_altar
Vaults:1: hangedman_vaults_maws, nicolae_vaults_variable_pillar_hall, v_rooms_3,
          nicolae_vaults_oozy_zoo, grunt_vaults_hallway_short,
          grunt_vaults_bifocal, vaults_room_corners,
          vaults_standard_mumra_enter_the_diamond, nicolae_vaults_tetromino_L_2,
          layout_vaults_omnigrid
Vaults:2: portal_desolation_entry_nicolae_slug, nicolae_vaults_frosty_reception,
          nicolae_vaults_more_shelving_1, nicolae_vaults_twisting_passages,
          vaults_mumra_minichess, hangedman_vaults_restitches,
          nicolae_vaults_little_squares_5, serial_ice_b,
          nicolae_vaults_storage_closets_1, nicolae_vaults_little_squares_3,
          v_misc_17, st_squares, layout_vaults_omnicross, uniq_zenata,
          uniq_xtahua
Vaults:3: nicolae_vaults_closet_pinwheel_6, v_misc_15,
          nicolae_vaults_network_quincunx
          [nicolae_vaults_network_quincunx_subvault,
          nicolae_vaults_network_quincunx_subvault,
          nicolae_vaults_network_quincunx_subvault,
          nicolae_vaults_network_quincunx_subvault,
          nicolae_vaults_network_quincunx_subvault], nicolae_vaults_trapezoid_3,
          nicolae_vaults_swerve, nicolae_vaults_doubleplus_tesselated,
          ontoclasm_vaults_ring_square, grunt_vaults_funnel,
          vaults_room_door_ring, nicolae_vaults_asterisk, hangedman_vaults_hat,
          nicolae_vaults_prndl, nicolae_vaults_storage_closets_2,
          nicolae_vaults_ring_of_whatevers, minmay_crypt_entry_nasty_monster,
          layout_vaults_omnibox, serial_shops, shop, uniq_jory, uniq_mennas,
          uniq_nikola
Depths:1: layout_basic, gammafunk_ghost_smash, hell_entry,
          nicolae_cairo_tiling_large, fedhas_altar_3, uniq_asterion
Depths:2: minmay_nine_rooms, layout_gridlike, grunt_pan_entry_sceptre,
          hell_entry, minmay_misc_feat_diagonals, hangedman_decor_slide_cut,
          infiniplex_staircase_door_maze, firewood_loft
Depths:3: minmay_shrinking_squares, layout_gridville, enter_ziggurat_f,
          serial_shops, shop, nicolae_shop_advertising_works
          [nicolae_subvault_shop_adworks], pf_hell_entry_tar_spiral,
          grunt_pan_entry_spiral, nicolae_abyss_entry_one_way_or_another,
          serial_rivers, chequers_serial_rivers_micro_c,
          chequers_serial_rivers_room_a, chequers_serial_rivers_micro_a,
          chequers_serial_rivers_micro_c, chequers_serial_rivers_micro_a,
          chequers_serial_rivers_room_b, trog_three_pillars_becter,
          nicolae_diode_intersection
Depths:4: grunt_zot_entry_bicorn, layout_gridlike, hell_entry,
          nicolae_ru_the_path_less_chosen, slow_altar_2, minmay_shoptagon,
          uniq_enchantress
Zot:1:    ebering_klown_carousel, layout_gridlike
Zot:2:    layout_concentric_octagons
Zot:3:    layout_twisted_circle, grunt_megastairs_5, uniq_tiamat
Zot:4:    layout_gridlike
Zot:5:    layout_twisted_circle

Skill      XL: |  1  2  3  4  5  6  7  8  9 10 11 12 13 14 15 16 17 18 19 20 21 22 23 24 |
---------------+-------------------------------------------------------------------------+-----
Air Magic      | 3 4 5 6 8 9 10 12 13 14 16 18 20 21 22 23 24 | 24.4
Conjurations   | 2 3 4 5 11 12 13 | 13.1
Evocations     | 5 6 |  6.0
Dodging        | 2 4 5 6 7 8 9 10 | 10.0
Fighting       | 2 4 5 6 8 9 10 11 13 15 | 15.7
Staves         | 2 3 5 6 7 8 9 10 | 10.0
Spellcasting   | 3 4 5 6 7 8 9 11 12 13 15 16 17 18 | 18.1
Shields        | 4 6 13 15 | 15.0
Fire Magic     | 6 8 10 12 | 12.0
Stealth        | |  1.7

Action                     |  1- 3 |  4- 6 |  7- 9 | 10-12 | 13-15 | 16-18 | 19-21 | 22-24 || total
---------------------------+-------+-------+-------+-------+-------+-------+-------+-------++-------
  Melee: Unarmed           |    13 |       |       |       |       |       |       |       ||    13
         Staff             |     5 |    15 |    10 |    51 |   197 |   157 |   143 |   124 ||   702
         Punch             |       |       |     2 |       |     3 |       |       |       ||     5
         Tailslap          |       |       |       |    12 |    45 |    27 |    33 |    32 ||   149
   Cast: Shock             |    67 |   105 |   212 |   364 |   540 |    13 |       |       ||  1301
         Static Discharge  |       |       |    36 |    83 |   208 |    17 |       |       ||   344
         Airstrike         |       |       |       |   128 |   348 |       |       |       ||   476
         Mephitic Cloud    |       |       |       |       |     9 |     2 |       |       ||    11
         Swiftness         |       |       |       |       |     1 |       |       |       ||     1
         Orb of Destructio |       |       |       |       |    41 |    66 |    15 |    33 ||   155
         Plasma Beam       |       |       |       |       |    14 |   515 |   633 |   504 ||  1666
         Conjure Ball Ligh |       |       |       |       |       |    15 |     7 |    12 ||    34
         Maxwell's Capacit |       |       |       |       |       |       |    10 |    33 ||    43
Ability: Word of Chaos     |       |       |       |       |       |       |       |     1 ||     1
  Evoke: Wand              |       |     5 |     3 |    11 |     6 |     2 |    11 |     8 ||    46
         Condenser vane    |       |       |     1 |     4 |     5 |     3 |     2 |     2 ||    17
         Box of beasts     |       |       |       |       |     5 |     1 |     1 |     1 ||     8
         Phantom mirror    |       |       |       |       |     3 |     1 |       |       ||     4
    Use: Potion            |     1 |       |       |     3 |     5 |     3 |     4 |     4 ||    20
         Scroll            |     6 |     4 |     4 |     9 |     9 |     8 |     7 |    17 ||    64
   Stab: Distracted        |       |       |       |       |       |     2 |       |       ||     2
 Armour: Robe              |     8 |    12 |    18 |     4 |       |       |       |       ||    42
         Steam dragon scal |       |       |       |   104 |    75 |       |       |       ||   179
         Skin              |       |       |       |    63 |       |       |       |       ||    63
         Troll leather arm |       |       |       |       |   211 |   183 |    59 |     7 ||   460
         Acid dragon scale |       |       |       |       |       |       |       |   119 ||   119
  Dodge: Dodged            |    10 |    36 |    46 |   192 |   486 |   206 |   224 |   167 ||  1367
  Block: Buckler           |       |       |       |       |    30 |   122 |    69 |       ||   221
         Kite shield       |       |       |       |       |       |       |    98 |   233 ||   331

Table legend: (Time is in decaauts)
 A = Elapsed time spent in this place.
 B = Non-inter-level travel time spent in this place.
 C = Inter-level travel time spent in this place.
 D = Time resting spent in this place.
 E = Time spent auto-exploring this place.
 F = Levels seen in this place.
 G = Mean time per level.
                   A        B        C        D        E       F      G
               +--------+--------+--------+--------+--------+-----+--------+
         Total |  65286 |  60457 |   4829 |   9879 |  40616 |  54 | 1209.0 |
       Dungeon |  16999 |  15540 |   1459 |    800 |  12474 |  15 | 1133.3 |
        Temple |     31 |     22 |      9 |     18 |      0 |   1 |   31.0 |
          Lair |   7419 |   6643 |    776 |    399 |   5200 |   5 | 1483.8 |
         Swamp |   5611 |   5130 |    481 |   1568 |   2782 |   4 | 1402.8 |
     Snake Pit |   5354 |   4904 |    450 |    553 |   3594 |   4 | 1338.5 |
    Slime Pits |   2105 |   1978 |    127 |   1052 |    408 |   5 |  421.0 |
  Orcish Mines |   2852 |   2541 |    311 |    438 |   1476 |   2 | 1426.0 |
   Elven Halls |   3817 |   3575 |    242 |   1114 |   1654 |   3 | 1272.3 |
        Vaults |   3701 |   3517 |    184 |     37 |   2992 |   3 | 1233.7 |
        Depths |   6484 |   6153 |    331 |    718 |   4490 |   4 | 1621.0 |
           Zot |   8614 |   8159 |    455 |   2906 |   4200 |   5 | 1722.8 |
         Sewer |    688 |    688 |      0 |      0 |    582 |   1 |  688.0 |
      Ice Cave |   1015 |   1015 |      0 |    153 |    574 |   1 | 1015.0 |
      Gauntlet |    589 |    589 |      0 |    122 |    187 |   1 |  589.0 |
               +--------+--------+--------+--------+--------+-----+--------+

Top non-repeatable levels by time:
   Zot:5: 2427 daAuts
   Orc:2: 2155 daAuts
    D:11: 2072 daAuts
   Elf:3: 2036 daAuts
Depths:2: 1990 daAuts
  Lair:5: 1840 daAuts
 Swamp:3: 1819 daAuts
Vaults:2: 1806 daAuts
 Snake:1: 1793 daAuts
 Snake:4: 1789 daAuts
Depths:4: 1694 daAuts
Vaults:1: 1689 daAuts
   Zot:1: 1672 daAuts
Depths:3: 1638 daAuts
   Zot:3: 1596 daAuts
